 Dungeon Crawl Stone Soup version 0.28-a0-983-g1de4e0787c (webtiles) character file.

Game seed: 15442649003356608072

115 kae the Ruffian (level 4, -7/35 HPs)
             Began as a Draconian Transmuter on Dec 2, 2021.
             Killed from afar by a white imp (8 damage)
             ... with a puff of frost
             ... summoned by Natasha
             ... on level 3 of the Dungeon.
             The game lasted 00:01:44 (2633 turns).

kae the Ruffian (Draconian Transmuter)              Turns: 2633, Time: 00:01:45

Health: -7/35      AC:  6    Str: 14    XL:     4   Next: 68%
Magic:  8/8        EV: 12    Int: 14    God:
Gold:   95         SH:  0    Dex: 11    Spells: 4/8 levels left

rFire   . . .      SeeInvis .     - Unarmed
rCold   . . .      Faith    .   (no shield)
rNeg    . . .      Spirit   .   (armour unavailable)
rPois   .          Reflect  .   (helmet currently unavailable)
rElec   .          Harm     .   (no cloak)
rCorr   .          Rampage  .   h - +0 pair of gloves
Will    .....                   (boots currently unavailable)
Stlth   +.........              (no amulet)
HPRegen 0.11/turn               (no ring)
MPRegen 0.11/turn               (no ring)

@: appendages (expiring)
A: horns 2, talons 2, AC +5, unfitting armour, cold-blooded
a: End Transformation


You were on level 3 of the Dungeon.
You had temporarily grown beastly horns and talons.
You visited 1 branch of the dungeon, and saw 3 of its levels.

You collected 95 gold pieces.

Inventory:

Armour
 h - a +0 pair of gloves (worn)
Scrolls
 d - 2 scrolls of torment
 e - a scroll of amnesia
 f - 3 scrolls of identify
 g - a scroll of fog {unknown}
Potions
 a - 3 potions of curing
 b - a potion of invisibility {unknown}
 c - 2 potions of attraction


   Skills:
 - Level 1.1 Fighting
 - Level 1.7 Dodging
 + Level 3.5 Unarmed Combat
 + Level 2.7 Spellcasting
 * Level 3.5 Transmutations
 * Level 1.7 Poison Magic


You had 4 spell levels left.
You knew the following spells:

 Your Spells              Type           Power      Damage    Failure   Level
a - Beastly Appendage     Tmut           22%        N/A       5%          1
b - Spider Form           Tmut/Pois      9%         N/A       22%         3

Your spell library contained the following spells:

 Spells                   Type           Power      Damage    Failure   Level
 Wereblood                Tmut           11%        N/A       8%          2
 Ice Form                 Ice/Tmut       6%         N/A       71%         4


Dungeon Overview and Level Annotations

Branches:
Dungeon (3/15)

Altars:

Shops:
D:3 ?

Annotations:
D:3 Natasha


Innate Abilities, Weirdness & Mutations

You have temporarily grown beastly horns and talons.
Your plain brown scales are hard. (AC +5)
You cannot fit into any form of body armour.
You are cold-blooded and may be slowed by cold attacks.


Message History

Natasha, Servant of Life and Death comes into view.
Natasha hisses angrily.
Natasha casts a spell.
Natasha mumbles some strange words.
Casting: Beastly Appendage (safe; 5% risk of failure)
Confirm with . or Enter, or press ? or * to list all spells.
You extend your transformation's duration.
You hit the kobold.
Your tail-slap misses the kobold.
The kobold is severely wounded.
The kobold misses you.
You completely miss the kobold.
The kobold is severely wounded.
The kobold hits you but does no damage.
There are monsters nearby!
You barely miss the kobold.
You headbutt the kobold, but do no damage.
The kobold is severely wounded.
Natasha claws you. The kobold misses you. The white imp gestures at you.
The puff of frost hits you!
You closely miss the kobold. You claw the kobold.
You kill the kobold!
Natasha casts a spell at you. You resist with some effort.
The white imp gestures at you. The puff of frost misses you.
The white imp gestures at you. The puff of frost hits you!
Natasha barely misses you.
Your transformation is almost over.
The white imp puffs mist at you. The white imp gestures at you.
The puff of frost hits you!
* * * LOW HITPOINT WARNING * * *
The white imp gestures at you. The puff of frost hits you.
* * * LOW HITPOINT WARNING * * *
The white imp gestures at you. The puff of frost hits you!
You die...

..........#########.#.#.#
.####.#'#.............#.#
.# #.#....########...#.#
.# #.#....'..........#.#
.# #.#....#####.#.#..#.#
#####.###### #.....<.#.#
......# #.#..##.#.#
###############.......#.#
.............5..@.......#
##########...5###########
###.)h.######
#...........#
#...........#
#...........#
#......<....#
#...)..∩....#
#...........#


You could see 2 white imps.

Vanquished Creatures
  An orc wizard (D:2)
  An adder (D:2)
  4 dart slugs
  4 orcs (D:2)
  3 ball pythons
  6 endoplasms
  A giant cockroach (D:2)
  6 goblins
  7 hobgoblins
  3 jackals (D:1)
  A quokka (D:1)
  10 bats
  2 frilled lizards
  7 kobolds
  7 rats
63 creatures vanquished.

Notes
Turn   | Place    | Note
-------+----------+-------------------------------------------
     0 | D:1      | kae the Draconian Transmuter began the quest for the Orb.
     0 | D:1      | Reached XP level 1. HP: 16/16 MP: 3/3
   153 | D:1      | Reached XP level 2. HP: 12/23 MP: 1/5
   734 | D:1      | Reached XP level 3. HP: 28/28 MP: 6/6
   813 | D:1      | Learned a level 3 spell: Spider Form
  1397 | D:2      | Reached skill level 1 in Poison Magic
  1397 | D:2      | Reached XP level 4. HP: 4/35 MP: 3/7
  1400 | D:2      | HP: 1/35 [orc (3)]
  2603 | D:3      | Found Wumaohia's Magic Scroll Boutique.
  2618 | D:3      | Noticed Natasha
  2633 | D:3      | HP: 1/35 [white imp/puff of frost[Natasha] (6)]
  2633 | D:3      | Killed from afar by a white imp

Illustrated notes

Levels and vault maps discovered:
D:1:      dpeg_arrival_short_road, layout_loops_ring, hangedman_feature_mirror
D:2:      layout_basic
D:3:      layout_basic, serial_shops, shop, dreamdust_ecumenical_altar_statues,
          st_stairs_9, uniq_grinder, uniq_robin, uniq_natasha

Skill      XL: |  1  2  3 |
---------------+----------+-----
Transmutations | 3 |  3.5
Poison Magic   | 1 |  1.7
Fighting       | |  1.1
Dodging        | |  1.7
Unarmed Combat | |  3.5
Spellcasting   | |  2.7

Action                   |  1- 3 |  4- 6 || total
-------------------------+-------+-------++-------
Melee: Unarmed           |   114 |    61 ||   175
       Kick              |     9 |     6 ||    15
       Headbutt          |    12 |     9 ||    21
       Tailslap          |     4 |     2 ||     6
       Punch             |       |     1 ||     1
 Cast: Beastly Appendage |    16 |    17 ||    33
       Spider Form       |     1 |     1 ||     2
  Use: Scroll            |     4 |     3 ||     7
       Potion            |       |     1 ||     1
Armor: Skin              |    56 |    26 ||    82
Dodge: Dodged            |   105 |    47 ||   152

Table legend: (Time is in decaauts)
 A = Elapsed time spent in this place.
 B = Non-inter-level travel time spent in this place.
 C = Inter-level travel time spent in this place.
 D = Time resting spent in this place.
 E = Time spent auto-exploring this place.
 F = Levels seen in this place.
 G = Mean time per level.
                   A        B        C        D        E       F      G
               +--------+--------+--------+--------+--------+-----+--------+
         Total |   2626 |   2579 |     47 |     20 |   2108 |   3 |  875.3 |
       Dungeon |   2626 |   2579 |     47 |     20 |   2108 |   3 |  875.3 |
               +--------+--------+--------+--------+--------+-----+--------+

Top non-repeatable levels by time:
     D:1: 1203 daAuts
     D:2: 1082 daAuts
     D:3: 340 daAuts
